 Dungeon Crawl Stone Soup version 0.27.1 (webtiles) character file.

Game seed: 12769197927771852698

169 ZARRMARR the Insei (level 5, -7/47 HPs)
             Began as a Gnoll Monk on Aug 25, 2021.
             Mangled by a mummy (14 damage)
             ... in an ossuary.
             The game lasted 00:08:28 (3377 turns).

ZARRMARR the Insei (Gnoll Monk)                     Turns: 3377, Time: 00:08:28

Health: -7/47      AC:  2    Str: 12    XL:     5   Next: 50%
Magic:  0/7        EV: 16    Int:  9    God:
Gold:   117        SH:  0    Dex: 20    Spells: 7/7 levels left

rFire    . . .     SeeInvis .     - Unarmed
rCold    . . .     Faith    .   (no shield)
rNeg     . . .     Spirit   +   a - +0 robe
rPois    .         Reflect  .   (no helmet)
rElec    .         Harm     .   (no cloak)
rCorr    .         Rampage  .   (no gloves)
Will     .....                  (no boots)
Stlth    +++.......             n - amulet of guardian spirit
HPRegen  0.15/turn              k - +4 ring of slaying
MPRegen  0.10/turn              o - +6 ring of dexterity

@: no status effects
A: fangs 1, strong nose, distributed training
a: no special abilities


You were in an ossuary.
You visited 1 branch of the dungeon, and saw 4 of its levels.
You also visited: Ossuary.

You collected 117 gold pieces.

Inventory:

Hand Weapons
 g - a +1 spear of venom
Missiles
 b - 4 boomerangs (quivered)
Armour
 a - a +0 robe (worn)
Magical Staves
 h - a staff of fire
Jewellery
 k - a +4 ring of slaying (left hand)
 n - an amulet of guardian spirit (around neck)
 o - a +6 ring of dexterity (right hand)
Scrolls
 f - a scroll of fog
 i - 5 scrolls of teleportation
Potions
 c - a potion of attraction
 e - a potion of ambrosia {unknown}
 j - 2 potions of flight
 l - a potion of lignification {unknown}
 m - a potion of brilliance {unknown}


   Skills:
 + Level 6.7 Fighting
 + Level 1.5 Short Blades
 + Level 1.5 Long Blades
 + Level 1.5 Axes
 + Level 1.5 Maces & Flails
 + Level 1.5 Polearms
 + Level 1.5 Staves
 + Level 1.5 Slings
 + Level 1.5 Bows
 + Level 1.5 Crossbows
 + Level 1.5 Throwing
 + Level 1.5 Armour
 + Level 6.7 Dodging
 + Level 4.4 Stealth
 + Level 1.5 Shields
 + Level 6.7 Unarmed Combat
 + Level 1.5 Spellcasting
 + Level 1.2 Conjurations
 + Level 1.2 Hexes
 + Level 1.2 Summonings
 + Level 1.2 Necromancy
 + Level 1.2 Translocations
 + Level 1.2 Transmutations
 + Level 1.2 Fire Magic
 + Level 1.2 Ice Magic
 + Level 1.2 Air Magic
 + Level 1.2 Earth Magic
 + Level 1.2 Poison Magic
 + Level 1.7 Invocations
 + Level 1.5 Evocations


You had 7 spell levels left.
You didn't know any spells.
Your spell library was empty.

Dungeon Overview and Level Annotations

Branches:
Dungeon (4/15)            Ossuary (1/1)
 Temple: D:4-7

Altars:
Sif Muna
Vehumet

Shops:
D:1 !


Innate Abilities, Weirdness & Mutations

You have very sharp teeth.
Your uncanny sense of smell can sniff out nearby items.
Your experience applies equally to all skills.


Message History

As you read the scroll of teleportation, it crumbles to dust.
You feel strangely unstable. The gnoll zombie closely misses you.
The hobgoblin zombie misses you. The human zombie hits you.
The rat zombie bites you.
* * * LOW HITPOINT WARNING * * *
The gnoll zombie hits you but does no damage.
You barely miss the human zombie.
The human zombie is moderately damaged.
The human zombie hits you.
* * * LOW HITPOINT WARNING * * *
The gnoll zombie closely misses you.
You punch the human zombie!
The human zombie is heavily damaged.
The human zombie hits you.
* * * LOW HITPOINT WARNING * * *
The hobgoblin zombie barely misses you. The gnoll zombie barely misses you.
The rat zombie completely misses you.
The human zombie hits you but does no damage.
The gnoll zombie barely misses you.
You hit the human zombie. Your bite misses the human zombie.
The human zombie is heavily damaged.
The human zombie misses you. The hobgoblin zombie hits you.
* * * LOW HITPOINT WARNING * * *
The gnoll zombie barely misses you. The rat zombie closely misses you.
You hit the human zombie but do no damage.
The human zombie is heavily damaged.
The human zombie closely misses you. The gnoll zombie closely misses you.
You hit the human zombie.
The human zombie is severely damaged.
Your surroundings suddenly seem different.
A mummy comes into view.
Found four items.
Found a gate leading back out of this place.
You open the door. You hit the mummy.
The mummy is lightly damaged.
You hit the mummy but do no damage. You bite the mummy.
The mummy is moderately damaged.
The mummy hits you!
You die...

#..# ........Z∩...
#∩.# ........ZZ∩Z..
#..##.........ZZZ..
#..#...........Z...
#..................
#.....# ...........
#.....##...........
#..................
#.@M...............
###'......
#!!#......
#!!#......
##########


You could see a mummy.

Vanquished Creatures
  Jessica (D:2)
  A hound zombie (Ossuary)
  A mummy (D:4)
  3 adders
  An adder zombie (Ossuary)
  2 worms (D:2)
  A dart slug (D:3)
  5 orcs (D:3)
  3 ball pythons
  5 bats
  7 endoplasms
  4 giant cockroaches
  7 goblins
  3 hobgoblins
  4 jackals (D:3)
  4 quokkas
  3 frilled lizards (D:2)
  8 kobolds
  A kobold zombie (Ossuary)
  6 rats
  A rat zombie (Ossuary)
71 creatures vanquished.

Notes
Turn   | Place    | Note
-------+----------+-------------------------------------------
     0 | D:1      | ZARRMARR the Gnoll Monk began the quest for the Orb.
     0 | D:1      | Reached XP level 1. HP: 23/23 MP: 1/1
   146 | D:1      | Reached XP level 2. HP: 29/29 MP: 2/2
   283 | D:1      | Found Buablosasm's Distillery.
   377 | D:1      | Reached XP level 3. HP: 29/35 MP: 3/3
  1278 | D:2      | Noticed Jessica
  1284 | D:2      | Killed Jessica
  1285 | D:2      | Reached skill level 1 in Short Blades
  1285 | D:2      | Reached skill level 1 in Long Blades
  1285 | D:2      | Reached skill level 1 in Axes
  1285 | D:2      | Reached skill level 1 in Maces & Flails
  1285 | D:2      | Reached skill level 1 in Polearms
  1285 | D:2      | Reached skill level 1 in Staves
  1285 | D:2      | Reached skill level 1 in Slings
  1285 | D:2      | Reached skill level 1 in Bows
  1285 | D:2      | Reached skill level 1 in Crossbows
  1285 | D:2      | Reached skill level 1 in Throwing
  1285 | D:2      | Reached skill level 1 in Armour
  1285 | D:2      | Reached skill level 1 in Shields
  1285 | D:2      | Reached skill level 1 in Spellcasting
  1285 | D:2      | Reached skill level 1 in Invocations
  1285 | D:2      | Reached skill level 1 in Evocations
  1285 | D:2      | Reached XP level 4. HP: 41/41 MP: 5/5
  2129 | D:3      | Found a faded altar of an unknown god.
  2191 | D:3      | Reached skill level 1 in Conjurations
  2191 | D:3      | Reached skill level 1 in Hexes
  2191 | D:3      | Reached skill level 1 in Summonings
  2191 | D:3      | Reached skill level 1 in Necromancy
  2191 | D:3      | Reached skill level 1 in Translocations
  2191 | D:3      | Reached skill level 1 in Transmutations
  2191 | D:3      | Reached skill level 1 in Fire Magic
  2191 | D:3      | Reached skill level 1 in Ice Magic
  2191 | D:3      | Reached skill level 1 in Air Magic
  2191 | D:3      | Reached skill level 1 in Earth Magic
  2191 | D:3      | Reached skill level 1 in Poison Magic
  2272 | D:3      | Found a radiant altar of Vehumet.
  2541 | D:3      | Reached XP level 5. HP: 40/47 MP: 4/6
  3307 | D:4      | Found a shimmering blue altar of Sif Muna.
  3338 | D:4      | Found a sand-covered staircase.
  3348 | Ossuary  | Entered an ossuary
  3377 | Ossuary  | Mangled by a mummy

Illustrated notes

Levels and vault maps discovered:
D:1:      kennysheep_arrival_seaside, layout_loops_ring, serial_forest,
          infiniplex_forest_fountain, infiniplex_forest_lined_ring,
          infiniplex_forest_clump_curved, infiniplex_forest_3_way, serial_shops,
          shop
D:2:      layout_basic, uniq_jessica
D:3:      layout_basic, nicolae_vehumet_radiance, ebering_ecumenical_altar_webs,
          minmay_puff
D:4:      minmay_spotlight, layout_loops_ring, mainiacjoe_overflow_alcove_4,
          gup_ossuary_entry_pyramid, serial_shops, nicolae_square_shop
Ossuary:  ossuary_minmay_tomb_2a

Skill      XL: |  1  2  3  4 |
---------------+-------------+-----
Short Blades   | 1 |  1.5
Long Blades    | 1 |  1.5
Axes           | 1 |  1.5
Maces & Flails | 1 |  1.5
Polearms       | 1 |  1.5
Staves         | 1 |  1.5
Slings         | 1 |  1.5
Bows           | 1 |  1.5
Crossbows      | 1 |  1.5
Throwing       | 1 |  1.5
Armour         | 1 |  1.5
Shields        | 1 |  1.5
Spellcasting   | 1 |  1.5
Invocations    | 1 |  1.7
Evocations     | 1 |  1.5
Conjurations   | 1 |  1.2
Hexes          | 1 |  1.2
Summonings     | 1 |  1.2
Necromancy     | 1 |  1.2
Translocations | 1 |  1.2
Transmutations | 1 |  1.2
Fire Magic     | 1 |  1.2
Ice Magic      | 1 |  1.2
Air Magic      | 1 |  1.2
Earth Magic    | 1 |  1.2
Poison Magic   | 1 |  1.2
Fighting       | |  6.7
Dodging        | |  6.7
Stealth        | |  4.4
Unarmed Combat | |  6.7

Action                   |  1- 3 |  4- 6 || total
-------------------------+-------+-------++-------
Melee: Unarmed           |    73 |    78 ||   151
       Bite              |     3 |     8 ||    11
       Punch             |     1 |     6 ||     7
Throw: Boomerang         |     8 |    30 ||    38
  Use: Scroll            |     2 |     4 ||     6
 Stab: Sleeping          |     6 |     6 ||    12
       Distracted        |       |     1 ||     1
Armor: Robe              |    12 |    15 ||    27
Dodge: Dodged            |    60 |    92 ||   152
